 Dungeon Crawl Stone Soup version 0.29.0-4-gdea44cf6ec (webtiles) character file.

Game seed: 11306555974357364349

401 qw the Chopper (level 6, -2/35 HPs)
             Began as a Tengu Warper on Aug 28, 2022.
             Slain by a gnoll
             ... wielding a +0 whip
             ... led by a gnoll bouda
              (3 damage)
             ... on level 5 of the Dungeon.
             The game lasted 00:00:30 (5294 turns).

qw the Chopper (Tengu Warper)                       Turns: 5294, Time: 00:00:31

Health: -2/35      AC: 13    Str: 13    XL:     6   Next: 85%
Magic:  10/10      EV:  5    Int: 14    God:
Gold:   182        SH:  0    Dex: 13    Spells: 9/9 levels left

rFire   . . .      SeeInvis .   Y - +0 hand axe
rCold   . . .      Faith    .   (no shield)
rNeg    . . .      Spirit   .   b - +0 plate armour
rPois   .          Reflect  .   (helmet restricted)
rElec   .          Harm     .   l - +0 cloak
rCorr   .          Rampage  .   c - +0 pair of gloves
Will    .....                   (boots unavailable)
Stlth   ..........              (no amulet)
HPRegen 0.11/turn               (no ring)
MPRegen 0.12/turn               (no ring)

@: weakened, attractive, flying quickly and evasively, quick
A: beak, talons 3, nimble flight
a: no special abilities


You were on level 5 of the Dungeon.
You visited 1 branch of the dungeon, and saw 5 of its levels.

You collected 253 gold pieces.
You spent 71 gold pieces at shops.


Innate Abilities, Weirdness & Mutations

You have a beak for a mouth.
You have claws for feet.
Your magical nature lets you fly swiftly and evasively.


   Skills:
 + Level 2.0 Fighting
 - Level 7.0 Axes
 - Level 1.0 Throwing
 - Level 3.3 Armour
 - Level 2.1 Dodging
 - Level 2.0 Spellcasting
 - Level 2.4 Translocations


You had 9 spell levels left.
You didn't know any spells.
Your spell library contained the following spells:

 Spells                   Type           Power      Damage    Failure   Level
 Blink                    Tloc           16%        N/A       100%        2
 Gell's Gravitas          Tloc           8%         N/A       100%        3
 Lesser Beckoning         Tloc           8%         N/A       100%        3
 Teleport Other           Tloc           8%         N/A       100%        3
 Manifold Assault         Tloc           8%         N/A       100%        5

Inventory:

Hand Weapons
 a - a +0 flail
 Y - a +0 hand axe (weapon)
Armour
 b - a +0 plate armour (worn)
 c - a +0 pair of gloves (worn)
 l - a +0 cloak (worn)
Scrolls
 e - a scroll of identify
Potions
 d - a potion of invisibility {unknown}
 g - a potion of might {unknown}
 h - a potion of berserk rage {unknown}
 i - a potion of resistance {unknown}
 j - a potion of brilliance {unknown}

Dungeon Overview and Level Annotations

Branches:
Dungeon (5/15)
 Temple: D:4-7

Altars:
Fedhas
Hepliaklqana
Sif Muna
Yredelemnul
Zin

Shops:
D:2 *

Annotations:
D:3 3 runed translucent doors, qw's ghost, amateur TeWr
D:5 Eustachio; Prince Ribbit


Message History

Eustachio is attracted toward you. Something is attracted toward you.
You hit the gnoll bouda but do no damage.
You claw the gnoll bouda, but do no damage.
The gnoll bouda is moderately wounded.
You completely miss the gnoll. The gnoll hits you with a +0 whip.
The gnoll bouda gazes fiercely through you!
You feel as though you will be weak longer.
The gnoll bouda closely misses you.
You hit the gnoll bouda but do no damage.
You claw the gnoll bouda, but do no damage.
The gnoll bouda is moderately wounded.
You hit the gnoll. The gnoll hits you with a +0 whip.
The gnoll bouda hits you with a +0 whip.
Prince Ribbit croaks regally.
You completely miss the gnoll bouda.
The gnoll bouda is moderately wounded.
You hit the gnoll. The gnoll hits you with a +0 whip.
The gnoll bouda hits you with a +0 whip!
Eustachio casts a spell.
Prince Ribbit catches a millipede with his tongue.
You hit the gnoll but do no damage. You claw the gnoll. You peck the gnoll.
The gnoll is severely wounded.
You closely miss the gnoll bouda. The gnoll hits you but does no damage.
The gnoll bouda calls upon its god to heal the gnoll.
The gnoll is healed somewhat.
You hit the gnoll bouda but do no damage.
You claw the gnoll bouda, but do no damage.
The gnoll bouda is moderately wounded.
You barely miss the gnoll. The gnoll hits you but does no damage.
The gnoll bouda barely misses you.
You hit the gnoll bouda. Your kick misses the gnoll bouda.
You peck the gnoll bouda, but do no damage.
The gnoll bouda is heavily wounded.
You closely miss the gnoll.
Prince Ribbit blinks!
The gnoll hits you with a +0 whip.
You die...

##........####......
###....####........
#................
##...########....
#..### ##### #<##
##.# #.## ##@# #gg#
#@## #ยค 55 ..# ...
.... g....


You could see Eustachio, a gnoll bouda, a gnoll (swift), a crimson imp
(summoned) and a shadow imp (summoned).

Vanquished Creatures
  A black bear (D:5)
  A jelly (D:5)
  An orc priest (D:4)
  An iguana (D:4)
  An orc wizard (D:3)
  5 gnolls
  2 adders
  A white imp (D:4)
  An ufetubus (D:4)
  2 worms
  3 dart slugs
  9 orcs
  7 ball pythons
  5 bats
  6 endoplasms
  6 giant cockroaches
  15 goblins
  8 hobgoblins
  6 jackals
  3 quokkas
  3 frilled lizards
  6 kobolds
  4 rats
97 creatures vanquished.

Notes
Turn   | Place    | Note
-------+----------+-------------------------------------------
     0 | D:1      | qw the Tengu Warper began the quest for the Orb.
     0 | D:1      | Reached XP level 1. HP: 12/12 MP: 4/4
     0 | D:1      | 0 ||| qw: Version: 0.1-a-89-g26bdef1
     0 | D:1      | 0 ||| qw: Game counter: 2543
     0 | D:1      | 0 ||| qw: Always use a shield: true
     0 | D:1      | 0 ||| qw: God list: Okawaru
     0 | D:1      | 0 ||| qw: Allow faded altars: false
     0 | D:1      | 0 ||| qw: Do Orc after D:15 true
     0 | D:1      | 0 ||| qw: Do second Lair branch before Depths: true
     0 | D:1      | 0 ||| qw: Lair rune preference: random
     0 | D:1      | 0 ||| qw: Plans: Normal
     0 | D:1      | 0 ||| PLANNING D:1-11
   107 | D:1      | Reached skill level 3 in Axes
   107 | D:1      | Reached XP level 2. HP: 17/17 MP: 6/6
   584 | D:1      | Reached XP level 3. HP: 20/21 MP: 7/7
   639 | D:1      | Found a faded altar of an unknown god.
  1160 | D:1      | 1160 ||| UPGRADING to +0 cloak.
  1165 | D:1      | 1165 ||| UPGRADING to +0 ring mail.
  1175 | D:1      | 1175 ||| DROPPING +0 leather armour.
  1176 | D:1      | 1176 ||| READING scroll labelled BUSMECS REMA.
  1177 | D:1      | 1177 ||| READING scroll labelled RUAFFEU IMIF.
  1278 | D:1      | 1278 ||| READING scroll labelled HYIGHI BYLEOKOKI.
  1281 | D:1      | 1281 ||| READING scroll labelled ZUBUFE KUOMEYS.
  1282 | D:1      | 1282 ||| DRINKING 2 ruby potions.
  1283 | D:1      | 1283 ||| DROPPING scroll of blinking.
  1284 | D:1      | 1284 ||| Stepping randomly (stuck).
  1285 | D:1      | 1285 ||| Stepping ~*~*~tactically~*~*~ (cloud).
  1288 | D:1      | HP: 5/21 [poisoned by you (poison gas)]
  1291 | D:1      | HP: 2/21 [poisoned by you (poison gas)]
  1573 | D:2      | Found a glowing silver altar of Zin.
  1773 | D:2      | Reached skill level 4 in Axes
  1904 | D:2      | 1904 ||| Stepping ~*~*~tactically~*~*~ (stealth).
  1909 | D:2      | 1909 ||| Stepping ~*~*~tactically~*~*~ (stealth).
  1910 | D:2      | 1910 ||| Stepping ~*~*~tactically~*~*~ (stealth).
  1913 | D:2      | 1913 ||| Stepping ~*~*~tactically~*~*~ (hiding).
  2036 | D:2      | 2036 ||| DROPPING +0 club.
  2068 | D:2      | Found Naret's General Store.
  2077 | D:2      | 2077 ||| BUYING +0 pair of gloves (49 gold).
  2077 | D:2      | Bought a +0 pair of gloves for 49 gold pieces
  2077 | D:2      | 2077 ||| SHOPLISTING potion of haste (110 gold, have 64).
  2077 | D:2      | 2077 ||| BUYING scroll of identify (22 gold).
  2077 | D:2      | Bought a scroll of identify for 22 gold pieces
  2153 | D:2      | 2153 ||| Stepping ~*~*~tactically~*~*~ (hiding).
  2503 | D:2      | Reached XP level 4. HP: 26/26 MP: 8/8
  2521 | D:2      | 2521 ||| UPGRADING to +0 pair of gloves.
  2526 | D:2      | 2526 ||| DRINKING 2 fizzy puce potions.
  2527 | D:2      | 2527 ||| DROPPING potion of flight.
  2664 | D:3      | 2664 ||| Stepping ~*~*~tactically~*~*~ (hiding).
  2689 | D:3      | 2689 ||| Stepping ~*~*~tactically~*~*~ (stealth).
  2777 | D:3      | Found a blossoming altar of Fedhas.
  2785 | D:3      | 2785 ||| Stepping ~*~*~tactically~*~*~ (stealth).
  2786 | D:3      | 2786 ||| Stepping ~*~*~tactically~*~*~ (hiding).
  2798 | D:3      | HP: 6/26 [orc wizard/+0 dagger (2)]
  2799 | D:3      | 2799 ||| READING scroll of teleportation.
  2802 | D:3      | Reached skill level 5 in Axes
  3178 | D:3      | 3178 ||| Stepping ~*~*~tactically~*~*~ (stealth).
  3234 | D:3      | Found a runed translucent gate.
  3234 | D:3      | Found a runed translucent gate.
  3234 | D:3      | Found a runed translucent gate.
  3235 | D:3      | Noticed a kobold brigand
  3237 | D:3      | Noticed qw's ghost (amateur TeWr)
  3332 | D:3      | 3332 ||| Stepping ~*~*~tactically~*~*~ (stealth).
  3333 | D:3      | 3333 ||| Stepping ~*~*~tactically~*~*~ (stealth).
  3411 | D:3      | Found a shimmering blue altar of Sif Muna.
  3571 | D:3      | 3571 ||| Stepping ~*~*~tactically~*~*~ (hiding).
  3580 | D:3      | HP: 3/26 [gnoll/+0 spear (6)]
  3581 | D:3      | 3581 ||| DRINKING 3 potions of heal wounds.
  3583 | D:3      | Gained mutation: Your magical nature lets you fly swiftly
                  | and evasively. [Tengu growth]
  3583 | D:3      | Reached XP level 5. HP: 27/30 MP: 9/9
  3583 | D:3      | 3583 ||| FLEEEEING.
  3588 | D:3      | HP: 5/30 [gnoll/+0 spear (3)]
  3589 | D:3      | 3589 ||| DRINKING 2 potions of heal wounds.
  3597 | D:3      | HP: 6/30 [gnoll/+0 spear (2)]
  3598 | D:3      | 3598 ||| DRINKING potion of heal wounds.
  3755 | D:3      | 3755 ||| Stepping ~*~*~tactically~*~*~ (stealth).
  3780 | D:3      | 3780 ||| Stepping ~*~*~tactically~*~*~ (stealth).
  3919 | D:3      | 3919 ||| DROPPING ring of wizardry.
  3920 | D:3      | 3920 ||| READING scroll labelled PATSEH UTRAM.
  3921 | D:3      | 3921 ||| READING scroll labelled AGIS CIRGHIENO.
  3922 | D:3      | 3922 ||| READING 2 scrolls of identify.
  3922 | D:3      | 3922 ||| IDENTIFYING viscous puce potion
  3923 | D:3      | 3923 ||| DROPPING potion of degeneration.
  3959 | D:4      | Reached skill level 6 in Axes
  4014 | D:4      | 4014 ||| FLEEEEING.
  4015 | D:4      | 4015 ||| FLEEEEING.
  4016 | D:4      | 4016 ||| STAIRDANCE
  4093 | D:4      | 4093 ||| Stepping ~*~*~tactically~*~*~ (hiding).
  4095 | D:4      | 4095 ||| Stepping ~*~*~tactically~*~*~ (hiding).
  4100 | D:4      | 4100 ||| Stepping ~*~*~tactically~*~*~ (stealth).
  4107 | D:4      | 4107 ||| Stepping ~*~*~tactically~*~*~ (stealth).
  4126 | D:4      | 4126 ||| Stepping ~*~*~tactically~*~*~ (stealth).
  4130 | D:4      | 4130 ||| Stepping ~*~*~tactically~*~*~ (stealth).
  4133 | D:4      | 4133 ||| Stepping ~*~*~tactically~*~*~ (stealth).
  4134 | D:4      | 4134 ||| Stepping ~*~*~tactically~*~*~ (stealth).
  4172 | D:4      | HP: 6/30 [iguana (12)]
  4173 | D:4      | HP: 1/30 [iguana (5)]
  4175 | D:4      | Reached XP level 6. HP: 2/35 MP: 10/10
  4381 | D:4      | 4381 ||| FLEEEEING.
  4382 | D:4      | 4382 ||| FLEEEEING.
  4383 | D:4      | 4383 ||| FLEEEEING.
  4384 | D:4      | 4384 ||| FLEEEEING.
  4385 | D:4      | 4385 ||| STAIRDANCE
  4475 | D:3      | 4475 ||| UPGRADING to +0 plate armour.
  4485 | D:3      | 4485 ||| DROPPING +0 ring mail.
  4493 | D:4      | 4493 ||| STAIRDANCE
  4748 | D:4      | Found a basalt altar of Yredelemnul.
  5012 | D:4      | 5012 ||| DROPPING ring of magical power.
  5020 | D:5      | Entered Level 5 of the Dungeon
  5050 | D:5      | Found a hazy altar of Hepliaklqana.
  5117 | D:5      | Noticed a black bear
  5127 | D:5      | Killed a black bear
  5128 | D:5      | Reached skill level 3 in Armour
  5164 | D:5      | 5164 ||| FLEEEEING.
  5168 | D:5      | 5168 ||| STAIRDANCE
  5261 | D:4      | 5261 ||| DRINKING 2 red potions.
  5262 | D:4      | 5262 ||| DROPPING potion of attraction.
  5281 | D:5      | Reached skill level 7 in Axes
  5281 | D:5      | Noticed Eustachio
  5282 | D:5      | Noticed Prince Ribbit
  5291 | D:5      | HP: 1/35 [gnoll bouda/+0 whip (8)]
  5294 | D:5      | Slain by a gnoll

Levels and vault maps discovered:
D:1:      sevenhm_arrival_forest_fort_small_5, layout_basic,
          ebering_ecumenical_altar_mist
D:2:      layout_loops_cross, serial_shops, nicolae_square_shop, basic_altar,
          amethyst_killhole, minmay_misc_feat_chi
D:3:      layout_basic, amcnicky_altar_gilded, nicolae_overflow_crystal_walls,
          gammafunk_ghost_nasty_kobolds, minmay_misc_feat_room
D:4:      layout_rooms, yredelemnul_altar_generic, minmay_goblin_outpost
D:5:      layout_cave_pods, nicolae_ru_path_of_blood,
          nicolae_overflow_hidden_temple, mainiacjoe_overflow_surrounded_room,
          general_overflow_altar, mainiacjoe_overflow_catwalk, uniq_duvessa,
          uniq_grinder, uniq_prince_ribbit1, uniq_eustachio, uniq_ijyb,
          uniq_pikel

Skill      XL: |  1  2  3  4  5  6 |
---------------+-------------------+-----
Axes           | 3 4 5 6 7 |  7.0
Armour         | 3 |  3.3
Fighting       | |  2.0
Throwing       | |  1.0
Dodging        | |  2.1
Spellcasting   | |  2.0
Translocations | |  2.4

Action                   |  1- 3 |  4- 6 || total
-------------------------+-------+-------++-------
Melee: Hand axe          |    90 |   165 ||   255
       Kick              |    19 |    52 ||    71
       Peck              |     9 |    25 ||    34
       Punch             |       |     3 ||     3
Throw: Boomerang         |     7 |       ||     7
  Use: Scroll            |     4 |     4 ||     8
       Potion            |     1 |     5 ||     6
Armor: Leather armour    |     8 |       ||     8
       Ring mail         |    17 |    30 ||    47
       Plate armour      |       |    37 ||    37
Dodge: Dodged            |    48 |    60 ||   108

Table legend:
 A = Non-vault XP
 B = Vault XP
 C = Vault XP percentage of total XP
 D = Non-vault monster count
 E = Vault monster count
 F = Vault count percentage of total count
                 A         B        C        D         E       F
            +---------+---------+-------+---------+---------+-------
      Total |     555 |      18 |   3.1 |      87 |      10 |  10.3
            +---------+---------+-------+---------+---------+-------
        D:1 |      37 |       0 |   0.0 |      21 |       0 |   0.0
        D:2 |      45 |       0 |   0.0 |      21 |       0 |   0.0
        D:3 |     130 |       0 |   0.0 |      23 |       0 |   0.0
        D:4 |     140 |      18 |  11.4 |      18 |      10 |  35.7
        D:5 |     203 |       0 |   0.0 |       4 |       0 |   0.0
            +---------+---------+-------+---------+---------+-------
